 Dungeon Crawl Stone Soup version bcrawl-1.34.3 (webtiles) character file.

Game seed: 6875369093644237066

558748 KristoblXynda the Carver (level 13, -17/114 HPs)
             Began as a Red Draconian Gladiator on Oct 7, 2021.
             Was a Priest of Ashenzari.
             Demolished by a two-headed ogre
             ... wielding a +0 giant club
              (39 damage)
             ... on level 12 of the Dungeon.
             The game lasted 00:34:43 (13721 turns).

KristoblXynda the Carver (Red Draconian Gladiator) Turns: 13721, Time: 00:34:44

Health: -17/114    AC: 20    Str: 18    XL:     13   Next: 83%
Magic:  17/17      EV: 23    Int: 13    God:    Ashenzari [***...]
Gold:   538        SH: 14    Dex: 18    Spells: 12/12 levels left

rFire    + . .     SeeInvis +   E - +4 scimitar (flame) (curse)
rCold    . . .     Gourm    .   t - +0 buckler
rNeg     . . .     Faith    .   (armour unavailable)
rPois    .         Spirit   .   p - +0 hat {MR+} (curse)
rElec    .         Reflect  .   u - +1 cloak (curse)
rCorr    .         Harm     .   G - +1 pair of gloves {archery} (curse)
MR       +....                  C - +2 pair of boots
Stlth    ++........             g - amulet of Vision {SInv *Curse} (curse)
HPRegen  0.29/turn              a - +5 ring of protection
MPRegen  0.15/turn              D - +6 ring of dexterity (curse)

@: lethally poisoned (-17 -> -26), short of breath, studying Air Magic
A: breathe fire, unfitting armour, fire resistance 1, cold-blooded, AC +8
a: Breathe Fire, Curse Item, Scrying, Renounce Religion


You were on level 12 of the Dungeon.
You worshipped Ashenzari.
Ashenzari was most pleased with you.
You were not hungry.

You visited 2 branches of the dungeon, and saw 13 of its levels.

You collected 1465 gold pieces.
You spent 927 gold pieces at shops.

Inventory:

Hand Weapons
 E - a cursed +4 scimitar of flaming (weapon)
Missiles
 c - 2 throwing nets (quivered) {=f}
Armour
 p - a cursed +0 hat of magic resistance (worn)
 t - a +0 buckler (worn)
 u - a cursed +1 cloak (worn)
 z - a cursed +0 medium shield
 C - a +2 pair of boots (worn)
 G - a cursed +1 pair of gloves of archery (worn)
Jewellery
 a - a +5 ring of protection (left hand)
 g - the cursed amulet of Vision (around neck) {SInv *Curse}
   (You found it on level 1 of the Dungeon)

   [amulet of nothing]

   It lets you see invisible.
   It curses itself when equipped.
   It has a curse placed upon it.
 D - a cursed +6 ring of dexterity (right hand)
Wands
 d - a wand of clouds (2)
 k - a wand of digging (8)
 B - a wand of disintegration (2)
Scrolls
 h - 2 scrolls of magic mapping
 s - 2 scrolls of immolation
 v - 7 scrolls of remove curse
 y - a scroll of blinking
Potions
 b - a potion of agility
 f - 3 potions of brilliance
 j - 6 potions of curing
 l - a potion of invisibility
 n - 2 potions of flight
 q - a potion of ambrosia
 r - a potion of berserk rage
 w - a potion of mutation
 x - a potion of lignification
 A - 2 potions of cancellation
 F - 2 potions of haste
Miscellaneous
 m - a phantom mirror
Comestibles
 e - 14 rations {!d}
 i - 4 chunks of flesh


   Skills:
 - Level 10.4 Fighting
 + Level 14.7(18.3) Long Blades
 - Level 2.0 Throwing
 + Level 11.8(14.3) Dodging
 + Level 9.3 Shields
 + Level 6.3(9.1) Evocations


You had 12 spell levels left.
You didn't know any spells.
Your spell library was empty.

Dungeon Overview and Level Annotations

Branches:
Dungeon (12/12)            Temple (1/1) D:6            Lair (0/6) D:7
    Orc (0/1) D:10         Vaults (0/3) D:11         Depths (0/5) D:12

Altars:
Ashenzari
Cheibriados
Dithmenos
Elyvilon
Fedhas
Gozag
Hepliaklqana
Kikubaaqudgha
Lugonu
Makhleb
Nemelex Xobeh
Okawaru
Qazlal
Ru
Sif Muna
Trog
Uskayaw
Vehumet
Wu Jian
Xom
Yredelemnul
Zin
The Shining One

Shops:
D:4 %   D:9 %}*=   D:11 [   D:12 (}[*

Portals:
Abyss: D:3
Trove: D:9 (give 8 potions of agility)

Annotations:
D:8 2 transporters, Antasik's ghost, novice FrWz
D:11 1 runed door


Innate Abilities, Weirdness & Mutations

You can breathe blasts of fire.
Your fiery red scales are hard. (AC +8)
You cannot fit into any form of body armour.
Your flesh is heat resistant. (rF+)
You are cold-blooded and may be slowed by cold attacks.


Message History

The ogre mage casts a spell.
The ogre mage goads the tengu warrior on!
The tengu warrior goes berserk!
The ogre mage goads the two-headed ogre on!
The two-headed ogre goes berserk!
You miss the tengu warrior.
You feel sick.
The two-headed ogre is engulfed in blazing flames.
The two-headed ogre rages.
The tengu warrior misses you.
The tengu warrior pecks you but does no damage.
The tengu warrior claws you but does no damage.
The tengu warrior blocks your attack.
You tail-slap the tengu warrior.
The tengu warrior is lightly wounded.
You feel sick.
The two-headed ogre closely misses you. x2
You block the tengu warrior's attack. x3
You feel sick.
The ogre mage is engulfed in blazing flames.
You feel sick.
The two-headed ogre hits you with a +0 giant club!!!
You die...

............#################
............# #####..###..##
#..# #...## #..# #....####
#..# #..8.8.8# #..# #...⌠.⌠.#
*# * #..# #..8.∩.8######.#..,
#..###...⌠.⌠@Q.........
#.....).8.8.8O......#, ,
*#.............O.####.
................##.# ,
..............#####)#
#####.........#.....#{
#.........#..#.#.#,
#.........#.#.. #.., *
#.........#.... .##*


You could see a tengu warrior (berserk), a two-headed ogre (berserk) and an ogre
mage.

Vanquished Creatures
  A very ugly thing (D:12)
  2 ettins
  2 hydras
  An ice dragon (D:11)
  A catoblepas (D:12)
  2 centaur warriors (D:11)
  A death knight (D:11)
  2 ogre magi
  8 two-headed ogres
  3 death yaks (D:7)
  A tengu warrior (D:11)
  An unseen horror (D:11)
  A lindwurm (D:11)
  A wizard (D:11)
  Pikel (D:4)
  3 cyclopes
  2 deep elf magi (D:11)
  2 ugly things
  A faun (shapeshifter) (D:11)
  4 slime creatures (D:12)
  5 manticores
  A gargoyle (D:7)
  An efreet (D:10)
  A freezing wraith (D:12)
  2 komodo dragons (D:10)
  A komodo dragon (shapeshifter) (D:10)
  3 tengu conjurers
  4 trolls
  A wind drake (shapeshifter) (D:11)
  A harpy skeleton (D:10)
  4 hippogriffs
  A raiju (shapeshifter) (D:7)
  A slime creature (shapeshifter) (D:11)
  A spriggan (D:8)
  4 shadows
  A yak (shapeshifter) (D:11)
  9 yaks
  2 basilisks
  2 hungry ghosts
  A vampire mosquito (D:11)
  Menkaure (D:4)
  A redback simulacrum (D:11)
  An acid dragon (D:11)
  2 water moccasins
  Duvessa (D:7)
  A porcupine (D:7)
  8 orc warriors
  9 sky beasts
  A sky beast (shapeshifter) (D:11)
  A slave (D:4)
  A phantom (D:7)
  11 ogres
  A necrophage (D:12)
  An eye of draining (D:10)
  A hornet zombie (D:6)
  9 centaurs
  7 bullfrogs
  5 big kobolds
  Blork the orc (D:4)
  2 scorpions
  Dowan (D:7)
  14 wights
  10 killer bees (D:7)
  2 jellies
  2 howler monkeys
  6 orc priests
  2 bullfrog zombies
  7 crimson imps
  7 centaur zombies
  4 centaur skeletons
  A gnoll shaman (D:7)
  A bullfrog skeleton (D:5)
  4 hounds
  6 orc wizards
  Crazy Yiuf (D:2)
  7 iguanas
  A hell rat (D:7)
  6 worker ants
  A killer bee zombie (D:5)
  A hound zombie (D:5)
  A hound skeleton (D:8)
  A worker ant zombie (D:9)
  Robin (D:4)
  5 gnolls (D:7)
  10 adders
  2 shadow imps
  2 oozes
  An adder skeleton (D:4)
  An adder zombie (D:4)
  2 worms
  3 dart slugs
  2 leopard geckos
  42 orcs
  2 giant cockroaches
  7 hobgoblins
  5 jackals (D:2)
  7 quokkas
  3 bats
  4 frilled lizards
  13 goblins
  17 kobolds
  6 rats
372 creatures vanquished.

Vanquished Creatures (others)
  A slave (D:6)
  A fungus (D:6)
  A lurking horror (D:3)
3 creatures vanquished.

Grand Total: 375 creatures vanquished

Notes
Turn   | Place    | Note
-------+----------+-------------------------------------------
     0 | D:1      | KristoblXynda the Draconian Gladiator began the quest for
                  | the Orb.
     0 | D:1      | Reached XP level 1. HP: 19/19 MP: 1/1
    56 | D:1      | Reached XP level 2. HP: 22/26 MP: 2/2
   177 | D:1      | Found a shattered altar of Ashenzari.
   306 | D:1      | Became a worshipper of Ashenzari the Shackled
   307 | D:1      | Found the cursed amulet of Vision {SInv *Curse}
   899 | D:2      | Found a sparkling altar of Nemelex Xobeh.
  1030 | D:2      | Reached XP level 3. HP: 27/31 MP: 3/3
  1560 | D:2      | Found a runed door.
  1862 | D:2      | Found a shimmering blue altar of Sif Muna.
  1955 | D:2      | Noticed Crazy Yiuf
  1962 | D:2      | Killed Crazy Yiuf
  1963 | D:2      | Reached skill level 4 in Long Blades
  1963 | D:2      | Reached XP level 4. HP: 40/40 MP: 4/4
  2182 | D:3      | Found a one-way gate to the infinite horrors of the Abyss.
  2182 | D:3      | Found a corrupted altar of Lugonu.
  2281 | D:3      | Found a sacrificial altar of Ru.
  2740 | D:3      | Reached XP level 5. HP: 46/46 MP: 5/5
  3101 | D:4      | Found Zeoc's Food Shop.
  3160 | D:4      | Noticed a centaur
  3221 | D:4      | Killed a centaur
  3222 | D:4      | Reached skill level 5 in Long Blades
  3277 | D:4      | Found a shadowy altar of Dithmenos.
  3292 | D:4      | Noticed Blork the orc
  3299 | D:4      | Killed Blork the orc
  3300 | D:4      | Reached XP level 6. HP: 53/53 MP: 6/6
  3498 | D:4      | Noticed Robin
  3528 | D:4      | Killed Robin
  3618 | D:4      | Noticed Menkaure
  3625 | D:4      | Killed Menkaure
  3626 | D:4      | Reached skill level 5 in Fighting
  3671 | D:4      | Your scales start taking on a fiery red colour.
  3671 | D:4      | Reached XP level 7. HP: 41/61 MP: 7/7
  3671 | D:4      | Gained mutation: Your flesh is heat resistant. (rF+) [Red
                  | Draconian growth]
  3675 | D:4      | Noticed Pikel
  3696 | D:4      | Reached skill level 6 in Long Blades
  3753 | D:4      | Killed Pikel
  3754 | D:4      | Reached skill level 7 in Long Blades
  3902 | D:4      | Reached skill level 5 in Dodging
  3935 | D:4      | Reached XP level 8. HP: 68/68 MP: 8/8
  4185 | D:5      | Entered Level 5 of the Dungeon
  4359 | D:5      | Found an iron altar of Okawaru.
  4462 | D:5      | Reached * piety under Ashenzari
  4486 | D:5      | Found a radiant altar of Vehumet.
  4516 | D:5      | Got the mace of the Dark Horse {holy, Int+5}
  4785 | D:5      | Reached skill level 8 in Long Blades
  5067 | D:6      | Noticed a troll
  5077 | D:6      | Killed a troll
  5078 | D:6      | Reached XP level 9. HP: 74/74 MP: 9/9
  5089 | D:6      | Reached skill level 9 in Long Blades
  5195 | D:6      | Found a bloodstained altar of Trog.
  5220 | D:6      | Reached skill level 5 in Shields
  5283 | D:6      | Identified the +3 mace of the Dark Horse {holy, Int+5} (You
                  | found it on level 5 of the Dungeon)
  5503 | D:6      | Found a staircase to the Ecumenical Temple.
  5612 | D:6      | Found a blossoming altar of Fedhas.
  5688 | D:6      | Found a stormy altar of Qazlal.
  5795 | Temple   | Entered the Ecumenical Temple
  5857 | D:7      | Reached skill level 10 in Long Blades
  5947 | D:7      | Found a staircase to the Lair.
  5947 | D:7      | Noticed a death yak
  5965 | D:7      | Noticed a death yak
  5965 | D:7      | Noticed a death yak
  6024 | D:7      | Killed a death yak
  6025 | D:7      | Reached XP level 10. HP: 19/81 MP: 10/10
  6043 | D:7      | Killed a death yak
  6197 | D:7      | Killed a death yak
  6198 | D:7      | Reached skill level 11 in Long Blades
  6496 | D:7      | Noticed a cyclops
  6510 | D:7      | Killed a cyclops
  6538 | D:7      | Found a snail-covered altar of Cheibriados.
  6765 | D:7      | Noticed a manticore
  6776 | D:7      | Killed a manticore
  7427 | D:7      | Noticed Duvessa
  7429 | D:7      | Noticed Dowan
  7437 | D:7      | Killed Dowan
  7447 | D:7      | Killed Duvessa
  7448 | D:7      | Reached skill level 12 in Long Blades
  7683 | D:8      | Found a transporter.
  7713 | D:8      | Noticed a two-headed ogre
  7714 | D:8      | Noticed Antasik's ghost (novice FrWz)
  7717 | D:8      | Found a bloodstained altar of Trog.
  7719 | D:8      | Noticed a moth of wrath
  7928 | D:8      | Found a transporter.
  7949 | D:8      | Reached XP level 11. HP: 88/88 MP: 11/11
  7962 | D:8      | Reached ** piety under Ashenzari
  8013 | D:8      | Found an ancient bone altar of Kikubaaqudgha.
  8176 | D:8      | Found a glowing golden altar of the Shining One.
  8281 | D:8      | Found a hide-covered altar of Uskayaw.
  8579 | D:7      | Noticed a two-headed ogre
  8594 | D:7      | Noticed a cyclops
  8599 | D:7      | Killed a two-headed ogre
  8636 | D:7      | Killed a cyclops
  8970 | D:9      | Found a portal to a secret trove of treasure.
  9095 | D:9      | Found Nepnu's Gadget Emporium.
  9107 | D:9      | Found Bajyge's Jewellery Emporium.
  9107 | D:9      | Found Zycobo's Food Emporium.
  9118 | D:9      | Found Keros's Assorted Antiques.
  9126 | D:9      | Bought a +6 ring of dexterity for 377 gold pieces
  9262 | D:9      | Found a faded altar of an unknown god.
  9262 | D:9      | Found a hazy altar of Hepliaklqana.
  9280 | D:9      | Found a faded altar of an unknown god.
  9567 | D:9      | Found an ornate altar of the Wu Jian Council.
  9684 | D:9      | Found a burning altar of Makhleb.
  9689 | D:9      | Found a bloodstained altar of Trog.
  9799 | D:10     | Entered Level 10 of the Dungeon
  9919 | D:10     | Noticed an eight-headed hydra
 10142 | D:10     | Noticed a two-headed ogre
 10148 | D:10     | Reached skill level 13 in Long Blades
 10156 | D:10     | Killed a two-headed ogre
 10158 | D:10     | Noticed a cyclops
 10177 | D:10     | Reached XP level 12. HP: 32/102 MP: 12/12
 10400 | D:10     | Reached skill level 10 in Dodging
 10440 | D:10     | Found a staircase to the Orcish Mines.
 10652 | D:10     | Killed a six-headed hydra
 11044 | D:11     | Noticed a centaur warrior
 11055 | D:11     | Killed a centaur warrior
 11144 | D:11     | Noticed a tengu warrior
 11152 | D:11     | Noticed a death knight
 11368 | D:11     | Reached skill level 1 in Evocations
 11480 | D:11     | Noticed a two-headed ogre
 11486 | D:11     | Killed a two-headed ogre
 11602 | D:11     | Reached skill level 10 in Fighting
 11645 | D:11     | Killed a death knight
 11759 | D:11     | Found a runed door.
 11759 | D:11     | Noticed a centaur warrior
 11762 | D:11     | Noticed a rakshasa
 11800 | D:11     | Identified the cursed +1 leather armour of Trial and Error
                  | {+Inv Dex+3}
 11806 | D:11     | Reached skill level 14 in Long Blades
 11928 | D:11     | Noticed an ice dragon
 11928 | D:11     | Noticed an ogre mage
 11938 | D:11     | Killed an ice dragon
 11946 | D:11     | Reached XP level 13. HP: 45/113 MP: 15/15
 12345 | D:11     | Found Mikh's Antique Armour Shop.
 12388 | D:11     | Bought a medium shield for 108 gold pieces
 12471 | D:11     | Noticed an ettin
 12501 | D:11     | Killed an ettin
 12723 | D:11     | Found a gate to the Vaults.
 12887 | D:12     | Entered Level 12 of the Dungeon
 12903 | D:12     | Reached skill level 5 in Evocations
 13089 | D:12     | Found Aseisepp's Gadget Boutique.
 13147 | D:12     | Noticed a cyan very ugly thing
 13423 | D:12     | Found Aletib's Assorted Antiques.
 13430 | D:12     | Bought a clouded amethyst amulet for 145 gold pieces
 13430 | D:12     | Identified the amulet "Horer" {Reflect -Tele rElec Str-3
                  | SH+4 Stlth+} (You bought it in a shop on level 12 of the
                  | Dungeon)
 13430 | D:12     | Bought a scroll labeled XUMUR FEADGH for 29 gold pieces
 13430 | D:12     | Bought a scroll of identify for 58 gold pieces
 13484 | D:12     | Killed a cyan very ugly thing
 13612 | D:12     | Found Qiopnufu's Weapon Emporium.
 13688 | D:12     | Found Pyevym's Antique Armour Shop.
 13700 | D:12     | Bought a pair of glowing gloves for 210 gold pieces
 13702 | D:12     | Reached *** piety under Ashenzari
 13707 | D:12     | Noticed an ettin
 13716 | D:12     | Killed an ettin
 13721 | D:12     | Demolished by a two-headed ogre

Skill      XL: |  1  2  3  4  5  6  7  8  9 10 11 12 13 |
---------------+----------------------------------------+-----
Throwing       | 2 |  2.0
Dodging        | 3 4 5 6 7 8 9 11 | 11.8
Long Blades    | 4 5 7 8 10 12 13 14 | 14.7
Fighting       | 4 5 8 10 | 10.4
Shields        | 2 4 6 7 8 9 |  9.3
Evocations     | 3 6 |  6.3

Action                   |  1- 3 |  4- 6 |  7- 9 | 10-12 | 13-15 || total
-------------------------+-------+-------+-------+-------+-------++-------
Melee: Long sword        |   108 |   146 |   243 |       |       ||   497
       Tailslap          |     9 |    19 |    63 |   164 |    60 ||   315
       Unarmed           |       |     3 |       |       |       ||     3
       Scimitar          |       |       |    74 |   758 |   220 ||  1052
Throw: Throwing net      |     1 |       |       |       |       ||     1
Invok: Curse Item        |       |       |       |     1 |     3 ||     4
 Abil: Breathe Fire      |       |       |     8 |    24 |     9 ||    41
Evoke: Wand              |       |     2 |     1 |     9 |     3 ||    15
  Use: Scroll            |     3 |     4 |     7 |    14 |     2 ||    30
       Potion            |       |     2 |     2 |     1 |       ||     5
 Stab: Sleeping          |     3 |     1 |     1 |     4 |     1 ||    10
       Confused          |       |       |       |     1 |       ||     1
       Distracted        |       |       |       |       |     1 ||     1
  Eat: Chunk             |     6 |     6 |    11 |    32 |     8 ||    63
       Ration            |       |     1 |     1 |     2 |     1 ||     5
Armor: Skin              |    28 |    64 |    64 |   103 |    45 ||   304
Dodge: Dodged            |    95 |   113 |   186 |   342 |   129 ||   865
Block: Other             |       |     5 |     7 |       |       ||    12
       Buckler           |       |       |   102 |   423 |   132 ||   657
